 Dungeon Sprint DCSS version 0.32-a0-42-ga30500b4d3 (webtiles) character file.

Game seed: 4515958210273936469

17843 rocky1 the Bludgeoner (level 12, -7/92 HPs)
             Began as a Gargoyle Fighter on Jan 29, 2024.
             Was an Initiate of Gozag.
             Mangled by a merfolk impaler
             ... wielding a +0 trident
             ... led by Ilsuiw
              (10 damage)
             ... in the Dungeon (Sprint VII: "The Pits").
             The game lasted 00:12:32 (3805 turns).

rocky1 the Bludgeoner (Gargoyle Fighter)            Turns: 3805, Time: 00:12:32

Health: -7/92      AC: 22    Str: 26    XL:     12   Next: 52%
Magic:  12/12      EV: 16    Int: 11    God:    Gozag
Gold:   2268       SH:  8    Dex:  9    Spells: 11/11 levels left

rFire   + . .        s - +2 morningstar (heavy)
rCold   . . .        v - +2 buckler {reflect}
rNeg    + + .        r - +1 ring mail {rF+}
rPois   ∞            G - +0 helmet
rElec   +            (no cloak)
rCorr   .            t - +0 pair of gloves
SInv    .            x - +0 pair of boots "Tidgho" {rN+ Slay+2}
Will    .....        (no amulet)
Stlth   +            b - +3 ring of strength
HPRegen 0.35/turn    a - +3 ring of evasion
MPRegen 0.13/turn

%: no teleportation, reflection
@: mighty, brilliant, gold aura, hasted, very quick
A: sickness immunity, AC +8, negative energy resistance 1, electricity
resistance, torment resistance 1, petrification resistance
a: Renounce Religion, Potion Petition, Call Merchant, Bribe Branch


You were in the Dungeon.
You worshipped Gozag.
Gozag was most pleased with you.
You visited 1 branch You collected 7149 gold pieces.
You spent 1028 gold pieces at shops.
You paid 3853 gold pieces to Gozag.

Inventory:

Hand Weapons
 f - a +2 morningstar of protection
 s - a +2 heavy morningstar (weapon)
 w - a +1 broad axe of freezing
Missiles
 A - 2 javelins (quivered)
Armour
 r - a +1 ring mail of fire resistance (worn)
 t - a +0 pair of gloves (worn)
 v - a +2 buckler of reflection (worn)
 x - the +0 pair of boots "Tidgho" (worn) {rN+ Slay+2}
   (You bought it in a shop in the Dungeon)

   Slay+2:    It affects your accuracy & damage with ranged weapons and melee
   (+2).
   rN+:       It protects you from negative energy.
 G - a +0 helmet (worn)
Jewellery
 a - a +3 ring of evasion (right hand)
 b - a +3 ring of strength (left hand)
 E - a ring of willpower
Wands
 y - a wand of mindburst (6)
Scrolls
 j - 2 scrolls of blinking
 l - 2 scrolls of vulnerability
 m - 8 scrolls of amnesia
 n - a scroll of summoning
 p - 2 scrolls of fog
 u - 4 scrolls of enchant armour
 C - 2 scrolls of identify
 D - 3 scrolls of fear
Potions
 d - a potion of might
 e - 8 potions of curing
 g - 2 potions of haste
 h - 4 potions of magic
 i - 2 potions of resistance
 k - 2 potions of heal wounds
 o - a potion of brilliance
 q - 2 potions of mutation
 F - a potion of lignification


   Skills:
 * Level 18.1 Fighting
 * Level 19.8 Maces & Flails
 + Level 12.8 Armour
 + Level 8.5 Dodging
 - Level 0.4 Stealth
 + Level 12.9 Shields


You had 11 spell levels left.
You didn't know any spells.
Your spell library contained the following spells:

 Spells                   Type           Power      Damage    Failure   Level
 Call Imp                 Summ           0%         N/A       63%         2
 Summon Ice Beast         Ice/Summ       0%         N/A       85%         3
 Cause Fear               Hex            0%         N/A       99%         4
 Fireball                 Conj/Fire      0%         3d3       100%        5
 Summon Mana Viper        Hex/Summ       0%         N/A       100%        5
 Monstrous Menagerie      Summ           0%         N/A       100%        7
 Summon Hydra             Summ           0%         N/A       100%        7
 Dragon's Call            Summ           0%         N/A       100%        9
 Sublimation of Blood     Necr           Unusable   N/A       N/A         2

Dungeon Overview and Level Annotations

Branches:
Dungeon (1/1)

Altars:
Ashenzari
Cheibriados
Dithmenos
Elyvilon
Fedhas
Gozag
Hepliaklqana
Kikubaaqudgha
Makhleb
Nemelex Xobeh
Okawaru
Qazlal
Ru
Sif Muna
Trog
Uskayaw
Vehumet
Wu Jian
Xom
Yredelemnul
Zin
The Shining One
Jiyva
Lugonu

Shops:
D *[


Innate Abilities, Weirdness & Mutations

You are immune to sickness and miasma.
Your stone body is resilient. (AC +8)
You are immune to poison.
You resist negative energy. (rN+)
You are resistant to electric shocks. (rElec)
You are resistant to unholy torment.
You are immune to petrification.


Message History

You block the merfolk impaler's attack.
The smoke demon is distracted by your dazzling golden aura.
Your Fighting skill increases to level 18!
Unknown command.
You crush the smoke demon like a grape!!!
The smoke demon is no longer distracted by gold.
The smoke demon is almost dead.
The merfolk impaler hits you from afar with a +0 trident!
* * * LOW HITPOINT WARNING * * *
Unknown command.
You bludgeon the smoke demon!!
You kill the smoke demon!
You block the merfolk impaler's attack.
The merfolk impaler hits you but does no damage.
The merfolk impaler misses you.
Things that are here:
117 gold pieces; a +2 trident of freezing; a +0 robe You beat the merfolk impaler like a drum!!!
The merfolk impaler is severely wounded.
The merfolk impaler hits you with a +0 trident!
* * * LOW HITPOINT WARNING * * *
You closely miss the merfolk impaler.
The merfolk impaler is severely wounded.
The merfolk impaler hits you but does no damage.
You hit the merfolk impaler.
The merfolk impaler is severely wounded.
The merfolk impaler completely misses you.
You closely miss the merfolk impaler.
The merfolk impaler is severely wounded.
You block the merfolk impaler's attack.
The merfolk impaler hits you with a +0 trident!
* * * LOW HITPOINT WARNING * * *
You barely miss the merfolk impaler.
The merfolk impaler is severely wounded.
The merfolk impaler closely misses you.
You miss the merfolk impaler.
The merfolk impaler is severely wounded.
The merfolk impaler hits you with a +0 trident!
You die...
Your body crumbles into a pile of gold.

########################
...(............@m......
.............$..$.......
############++##########


You could see a merfolk impaler.

Vanquished Creatures
  Ilsuiw (D)
  A nagaraja (D)
  An angel (D)
  A minotaur (D)
  2 merfolk impalers (D)
  A great orb of eyes (D)
  An anaconda (D)
  A two-headed ogre (D)
  An orc high priest (D)
  A sun demon (D)
  A flayed ghost (D)
  A deep troll (D)
  A lindwurm (D)
  A swamp dragon (D)
  A bog body (D)
  A deep elf pyromancer (D)
  A deep elf zephyrmancer (D)
  A cyclops (D)
  2 black mambas (D)
  A molten gargoyle (D)
  A smoke demon (D)
  2 rime drakes (D)
  A guardian mummy (D)
  A red devil (D)
  A hornet (D)
  A snapping turtle (D)
  4 dream sheep (D)
  A jumping spider (D)
  2 fire elementals (D)
  A fire bat (D)
  Grum (D)
  A steam dragon (D)
  A warg (D)
  Edmund (D)
  A water moccasin (D)
  A swamp drake (D)
  2 ogres (D)
  An orc warrior (D)
  An ice beast (D)
  A laughing skull (D)
  7 wolves (D)
  A centaur (D)
  9 wights (D)
  A small abomination (D)
  A gnoll bouda (D)
  A hound (D)
  An orc priest (D)
  2 mummies (D)
  An adder (D)
  4 gnolls (D)
  3 river rats (D)
  2 white imps (D)
  An ufetubus (D)
  An adder zombie (D)
  An adder skeleton (D)
  An adder simulacrum (D)
  5 orcs (D)
  A bat skeleton (D)
  An endoplasm (D)
  A hobgoblin (D)
  2 jackals (D)
  A quokka (D)
  A ball python (D)
  A ball python zombie (D)
  A quokka zombie (D)
99 creatures vanquished.

Vanquished Creatures (others)
  A shadow wraith (D)
1 creature vanquished.

Grand Total: 100 creatures vanquished

Notes
Turn   | Place    | Note
-------+----------+-------------------------------------------
     0 | D        | rocky1 the Gargoyle Fighter began the quest for the Orb.
     0 | D        | Reached XP level 1. HP: 14/14 MP: 1/1
    21 | D        | Reached XP level 2. HP: 4/20 MP: 2/2
   115 | D        | Found a bloodstained altar of Trog.
   115 | D        | Found a shimmering blue altar of Sif Muna.
   115 | D        | Found a viscous altar of Jiyva.
   115 | D        | Found a hazy altar of Hepliaklqana.
   115 | D        | Found an opulent altar of Gozag.
   116 | D        | Found a glowing golden altar of the Shining One.
   116 | D        | Found a glowing silver altar of Zin.
   116 | D        | Found a basalt altar of Yredelemnul.
   116 | D        | Found a shimmering altar of Xom.
   116 | D        | Found an ornate altar of the Wu Jian Council.
   116 | D        | Found a sacrificial altar of Ru.
   116 | D        | Found a stormy altar of Qazlal.
   116 | D        | Found an iron altar of Okawaru.
   116 | D        | Found a sparkling altar of Nemelex Xobeh.
   116 | D        | Found a burning altar of Makhleb.
   116 | D        | Found a blossoming altar of Fedhas.
   116 | D        | Found a white marble altar of Elyvilon.
   116 | D        | Found a shadowy altar of Dithmenos.
   116 | D        | Found a snail-covered altar of Cheibriados.
   118 | D        | Found a radiant altar of Vehumet.
   118 | D        | Found a corrupted altar of Lugonu.
   119 | D        | Found a hide-covered altar of Uskayaw.
   119 | D        | Found an ancient bone altar of Kikubaaqudgha.
   119 | D        | Found a broken altar of Ashenzari.
   123 | D        | Became a worshipper of Gozag Ym Sagoz the Greedy
   164 | D        | Reached XP level 3. HP: 4/24 MP: 3/3
   273 | D        | Reached skill level 5 in Fighting
   273 | D        | Reached skill level 3 in Maces & Flails
   273 | D        | Reached skill level 5 in Shields
   385 | D        | Reached skill level 5 in Armour
   501 | D        | Noticed a wight
   502 | D        | Noticed an ice beast
   502 | D        | Noticed a wight
   502 | D        | Noticed a water moccasin
   502 | D        | Noticed a wight
   519 | D        | Killed a wight
   519 | D        | Noticed an orc warrior
   520 | D        | Reached skill level 5 in Maces & Flails
   520 | D        | Reached skill level 1 in Dodging
   520 | D        | Reached XP level 4. HP: 22/31 MP: 4/4
   524 | D        | Killed an ice beast
   525 | D        | Reached skill level 7 in Maces & Flails
   525 | D        | Reached XP level 5. HP: 27/36 MP: 5/5
   534 | D        | Killed a water moccasin
   535 | D        | Reached skill level 8 in Maces & Flails
   535 | D        | Reached XP level 6. HP: 35/41 MP: 6/6
   550 | D        | Reached skill level 9 in Maces & Flails
   565 | D        | Killed an orc warrior
   566 | D        | Reached XP level 7. HP: 30/47 MP: 7/7
   569 | D        | Reached skill level 10 in Maces & Flails
   851 | D        | Noticed Edmund
   862 | D        | Killed Edmund
   863 | D        | Reached skill level 11 in Maces & Flails
  1012 | D        | Noticed a snapping turtle
  1034 | D        | Killed a snapping turtle
  1035 | D        | Reached XP level 8. HP: 53/53 MP: 8/8
  1289 | D        | Reached skill level 12 in Maces & Flails
  1414 | D        | Noticed a rime drake
  1428 | D        | Killed a rime drake
  1574 | D        | Noticed an anaconda
  1603 | D        | Killed an anaconda
  1604 | D        | Reached skill level 13 in Maces & Flails
  1604 | D        | Reached skill level 10 in Armour
  1604 | D        | Reached XP level 9. HP: 9/60 MP: 9/9
  1604 | D        | HP: 1/90 [ogre/+0 giant club[an orc high priest] (8)]
  1607 | D        | Reached skill level 14 in Maces & Flails
  1795 | D        | Noticed an orc high priest
  1797 | D        | Noticed an orange demon
  1807 | D        | Noticed an orange demon
  1807 | D        | Noticed a smoke demon
  1817 | D        | Killed an orc high priest
  1818 | D        | Reached skill level 5 in Dodging
  2079 | D        | Noticed a red devil
  2090 | D        | Killed a red devil
  2091 | D        | Reached skill level 15 in Maces & Flails
  2091 | D        | Reached skill level 10 in Shields
  2423 | D        | Noticed a bog body
  2435 | D        | Killed a bog body
  2436 | D        | Reached skill level 10 in Fighting
  2436 | D        | Reached XP level 10. HP: 43/68 MP: 10/10
  2590 | D        | Noticed Grum
  2614 | D        | Killed Grum
  2724 | D        | Bought a pair of slimy boots for 190 gold pieces
  2724 | D        | Identified the +0 pair of boots "Tidgho" {rN+ Slay+2} (You
                  | bought it in a shop in the Dungeon)
  2724 | D        | Bought a twisted ring mail for 180 gold pieces
  2724 | D        | Identified the +2 ring mail of Qamued {rPois rN+ Str-5}
                  | (You bought it in a shop in the Dungeon)
  2724 | D        | Bought a pair of fine boots for 190 gold pieces
  2724 | D        | Identified the +1 pair of boots of the Six Mystics {rPois
                  | Int+3 SInv} (You bought it in a shop in the Dungeon)
  2740 | D        | Noticed a black mamba
  2757 | D        | Killed a black mamba
  2758 | D        | Reached skill level 16 in Maces & Flails
  2778 | D        | Noticed a two-headed ogre
  2785 | D        | Killed a two-headed ogre
  2951 | D        | Noticed a molten gargoyle
  2965 | D        | Killed a shadow wraith
  2969 | D        | Killed a molten gargoyle
  2970 | D        | Reached skill level 17 in Maces & Flails
  3031 | D        | Noticed a swamp dragon
  3031 | D        | Noticed a nagaraja
  3038 | D        | Reached XP level 11. HP: 76/76 MP: 11/11
  3044 | D        | Killed a nagaraja
  3057 | D        | Killed a swamp dragon
  3120 | D        | Noticed a deep troll
  3120 | D        | Noticed a deep elf zephyrmancer
  3123 | D        | Noticed a minotaur
  3127 | D        | Noticed a great orb of eyes
  3136 | D        | Reached skill level 18 in Maces & Flails
  3146 | D        | Killed a deep troll
  3153 | D        | Killed a minotaur
  3155 | D        | Reached skill level 15 in Fighting
  3159 | D        | Killed a great orb of eyes
  3165 | D        | Killed a deep elf zephyrmancer
  3379 | D        | Bought a glowing buckler for 180 gold pieces
  3379 | D        | Bought a potion of mutation for 192 gold pieces
  3379 | D        | Bought a crooked silver wand for 96 gold pieces
  3399 | D        | Noticed a flayed ghost
  3400 | D        | Noticed a deep elf pyromancer
  3410 | D        | Killed a flayed ghost
  3411 | D        | Reached skill level 19 in Maces & Flails
  3413 | D        | Killed a deep elf pyromancer
  3414 | D        | Reached XP level 12. HP: 68/89 MP: 12/12
  3519 | D        | Noticed an angel
  3538 | D        | Killed an angel
  3560 | D        | Noticed a sun demon
  3566 | D        | Killed a sun demon
  3765 | D        | Noticed a merfolk impaler
  3767 | D        | Noticed a merfolk impaler
  3768 | D        | Noticed Ilsuiw
  3768 | D        | Noticed a merfolk impaler
  3776 | D        | Killed a merfolk impaler
  3786 | D        | Killed Ilsuiw
  3796 | D        | Killed a merfolk impaler
  3803 | D        | HP: 3/92 [merfolk impaler/+0 trident[Ilsuiw] (9)]
  3805 | D        | Mangled by a merfolk impaler

Illustrated notes

Levels and vault maps discovered:
D:        pitsprint [storerooms_1, entrance_room_1, metal_vault_2, armoury_2,
          mini_pit_1, grid_room_1, main_hall_1, silver_pit, the_coven_3,
          the_vestibule_1, steel_vault_3, golden_pit, hallway_of_sentries,
          crystal_vault_1, iron_vault_4, final_vault]

Skill      XL: |  1  2  3  4  5  6  7  8  9 10 11 12 |
---------------+-------------------------------------+-----
Fighting       | 4 5 6 7 8 10 12 16 18 | 18.1
Armour         | 4 6 7 8 9 10 11 12 | 12.8
Shields        | 4 5 6 7 8 9 10 11 12 | 12.9
Maces & Flails | 5 7 8 9 11 13 15 17 19 | 19.8
Dodging        | 1 2 3 4 5 6 7 8 |  8.5
Stealth        | |  0.4

Action                     |  1- 3 |  4- 6 |  7- 9 | 10-12 || total
---------------------------+-------+-------+-------+-------++-------
  Melee: Flail             |    82 |    40 |   132 |       ||   254
         Morningstar       |       |       |    30 |   235 ||   265
 Invoke: Potion Petition   |       |       |     1 |     4 ||     5
         Call Merchant     |       |       |       |     2 ||     2
    Use: Potion            |     1 |     4 |    11 |     9 ||    25
   Stab: Invisible         |       |     1 |     4 |       ||     5
         Confused          |       |       |       |     1 ||     1
 Armour: Scale mail        |    56 |       |       |       ||    56
         Chain mail        |     4 |    33 |     9 |       ||    46
         Ring mail         |       |       |   105 |   218 ||   323
  Dodge: Dodged            |    39 |    20 |    64 |   120 ||   243
  Block: Buckler           |    21 |     6 |    37 |    88 ||   152

Table legend: (Time is in decaauts)
 A = Elapsed time spent in this place.
 B = Non-inter-level travel time spent in this place.
 C = Inter-level travel time spent in this place.
 D = Time resting spent in this place.
 E = Time spent auto-exploring this place.
 F = Levels seen in this place.
 G = Mean time per level.
                   A        B        C        D        E       F      G
               +--------+--------+--------+--------+--------+-----+--------+
         Total |   3740 |   3677 |     63 |   2374 |      0 |   1 | 3740.0 |
       Dungeon |   3740 |   3677 |     63 |   2374 |      0 |   1 | 3740.0 |
               +--------+--------+--------+--------+--------+-----+--------+

Top non-repeatable levels by time:
       D: 3740 daAuts
